[Event "*** SCC Grand Prix: Titled Tuesday Blitz"]
[Site "Chess.com"]
[Date "2020.08.25"]
[Round "3"]
[White "el-roedor"]
[Black "ChessWarrior7197"]
[Result "0-1"]
[WhiteElo "2640"]
[BlackElo "2914"]
[TimeControl "180+1"]
[EndTime "10:28:52 PDT"]
[Termination "ChessWarrior7197 won by resignation"]

1. d4 d5 2. c4 e6 3. Nc3 c5 4.
cxd5 exd5 5. Nf3 Nc6 6. g3 Nf6 7. Bg2 cxd4 8. Nxd4 Bc5 9. Nxc6 bxc6 10. O-O O-O 11.
b3 Ba6 12. Na4 Bb6 13. Re1 Re8 14. Bb2 Bb5 15. Nxb6 axb6 16. a4 Ba6 17. Rc1 Rc8 18.
Bd4 Ne4 19. Bxe4 Rxe4 20. Qd2 c5 21. Bb2 d4 22. e3 Qd5 23. f3 Ree8 24. exd4 Qxf3 25.
Qc3 Bd3 26. dxc5 f6 27. Rf1 Qe3+ 28. Rf2 Rxc5 29. Qd2 Rxc1+ 30. Qxc1 Qxc1+ 31. Bxc1 Re1+ 32. Kg2 Rxc1 33. Rd2 Rc2 34. Rxc2 Bxc2 0-1

[Event "*** SCC Grand Prix: Titled Tuesday Blitz"]
[Site "Chess.com"]
[Date "2020.08.25"]
[Round "3"]
[White "Synctel"]
[Black "Shushik"]
[Result "0-1"]
[WhiteElo "1963"]
[BlackElo "2269"]
[TimeControl "180+1"]
[EndTime "10:28:57 PDT"]
[Termination "Shushik won on time"]

1. e4 e5 2. Nf3 Nc6 3. d4 exd4 4. Nxd4 Bc5 5. Be3 Qf6 6. c3 Qg6 7. Nd2 d6 8. Bc4 Qxg2 9. Qh5 g6 10. Bxf7+ Kxf7 11. Qd5+ Kf8 12. O-O-O Bxd4 13. cxd4 Qg4 14. e5 Qe6 15. Qf3+ Qf7 16. Qg3 Bf5 17. Nb3 dxe5 18. dxe5 Qc4+ 19. Kd2 Rd8+ 20. Ke1 Rxd1+ 21. Kxd1 Qd5+ 0-1

[Event "*** SCC Grand Prix: Titled Tuesday Blitz"]
[Site "Chess.com"]
[Date "2020.08.25"]
[Round "3"]
[White "Evandro_Barbosa"]
[Black "Xeniya2005"]
[Result "1-0"]
[WhiteElo "2552"]
[BlackElo "2353"]
[TimeControl "180+1"]
[EndTime "10:28:58 PDT"]
[Termination "Evandro_Barbosa won by resignation"]

1. e4 e6 2. d4 d5 3. Nc3 Bb4 4. a3 Bxc3+ 5. bxc3 c5 6. exd5 Qxd5 7. Nf3 cxd4 8.
cxd4 Nc6 9. Bd3 Nf6 10. O-O h6 11. c4 Qd8 12. Bb2 O-O 13. Qe2 b6 14. Rfd1 Bb7 15. Rac1 Rc8 16. d5 exd5 17. cxd5 Na5 18. Rxc8 Bxc8 19.
d6 Bb7 20. Ne5 Re8 21. Bb5 Re6 22. d7 a6 23. Bxa6 Bxa6 24. Qxa6 Kf8 25. Qc8 Ke7 26. Qxd8+ Kxd8 27. Nxf7+ 1-0

[Event "*** SCC Grand Prix: Titled Tuesday Blitz"]
[Site "Chess.com"]
[Date "2020.08.25"]
[Round "3"]
[White "XiaoKangZhong"]
[Black "BeanScreen"]
[Result "0-1"]
[WhiteElo "2411"]
[BlackElo "2684"]
[TimeControl "180+1"]
[EndTime "10:28:59 PDT"]
[Termination "BeanScreen won by resignation"]

1. e4 e5 2. Nf3 Nc6 3. Bc4 Nf6 4. d3 Be7 5. Nbd2 O-O 6. O-O d5 7. exd5 Nxd5 8. Ne4 Bg4 9. h3 Bh5 10. Ng3 Bg6 11. Re1 Nb6 12. Bb3 Bd6 13. Ne4 Kh8 14. Nxd6 Qxd6 15. Ng5 f5 16. a3 Nd4 17.
Ba2 h6 18. c3 Nc6 19. Nf3 Bh5 20. Qd2 Bxf3 21. gxf3 Nd5 22. Qe2 Rf6 23. Kh1 Raf8 24. Bd2 Qd7 25. Rg1 f4 26. Kh2 Rf5 27. c4 Rh5 28.
Rg4 Nf6 29. Bc3 Nxg4+ 30. fxg4 f3 31. Qe3 Qxg4 0-1

[Event "*** SCC Grand Prix: Titled Tuesday Blitz"]
[Site "Chess.com"]
[Date "2020.08.25"]
[Round "3"]
[White "VMikhalevski"]
[Black "guillembaches"]
[Result "1-0"]
[WhiteElo "2725"]
[BlackElo "2420"]
[TimeControl "180+1"]
[EndTime "10:29:01 PDT"]
[Termination "VMikhalevski won on time"]

1. Nf3 d5 2. g3 g6 3. Bg2 Bg7 4. d4 Nd7 5. O-O Ngf6 6. b3 O-O 7. Bb2 a5 8. c4 e6 9. Nc3 c5 10. cxd5 exd5 11. dxc5 Nxc5 12. Nd4 Re8 13. Rc1 Nce4 14. Ncb5 Re7 15. Ba3 Rd7 16. Qc2 h5 17. e3 h4 18. Qe2 Qb6 19. gxh4 Rd8 20. f3 Bd7 21. fxe4 Nxe4 22. Nc7 Bxd4 23. Nxd5 1-0

[Event "*** SCC Grand Prix: Titled Tuesday Blitz"]
[Site "Chess.com"]
[Date "2020.08.25"]
[Round "3"]
[White "TST2014"]
[Black "reutik"]
[Result "1-0"]
[WhiteElo "2503"]
[BlackElo "2265"]
[TimeControl "180+1"]
[EndTime "10:29:02 PDT"]
[Termination "TST2014 won by resignation"]

1. d4 Nf6 2. c4 e6 3. Nf3 b6 4. a3 Bb7 5. Nc3 Bxf3 6. exf3 c6 7. d5 Bd6 8. Bd3 Na6 9. O-O Nc5 10. Bc2 a5 11. Bg5 Be5 12. Qd2 h6 13. Bh4 a4 14.
Rfe1 Bxc3 15. Qxc3 cxd5 16. cxd5 O-O 17. Rad1 Nxd5 18.
Qc4 Nf6 19. Rd6 Nb7 20. Qd3 g5 21. Bg3 Nc5 22. Qd4 Ne8 23. h4 Ra5 24. hxg5 hxg5 25.
Qg4 f5 26. Qh5 Nxd6 27. Qg6+ Kh8 28. Be5+ 1-0

[Event "*** SCC Grand Prix: Titled Tuesday Blitz"]
[Site "Chess.com"]
[Date "2020.08.25"]
[Round "3"]
[White "eightbyeightchess"]
[Black "Saxar85"]
[Result "1/2-1/2"]
[WhiteElo "2438"]
[BlackElo "2765"]
[TimeControl "180+1"]
[EndTime "10:29:05 PDT"]
[Termination "Game drawn by repetition"]

1. e4 e5 2. Nf3 Nc6 3. Bb5 a6 4. Ba4 Nf6 5. d4 exd4 6. O-O Be7 7. Re1 b5 8. Bb3 d6 9. Bd5 Nxd5 10. exd5 Ne5 11.
Nxd4 O-O 12. a4 Bg4 13. f3 Bd7 14. Nc3 b4 15. Ne4 Re8 16. b3 Qb8 17. Bb2 Qb7 18. f4 Ng4 19. Nf3 f5 20. Ng3 Bf6 21.
Bxf6 Nxf6 22. Rxe8+ Rxe8 23. Nd4 g6 24. Nc6 Bxc6 25.
dxc6 Qxc6 26. Qd4 Qxc2 27. Qxf6 Qxb3 28. Nxf5 gxf5 29. Qg5+ Kh8 30. Qf6+ Kg8 31. Qg5+ Kh8 32. Qf6+ Kg8 1/2-1/2

[Event "*** SCC Grand Prix: Titled Tuesday Blitz"]
[Site "Chess.com"]
[Date "2020.08.25"]
[Round "3"]
[White "chenxiaoyuer"]
[Black "x-0414717230"]
[Result "0-1"]
[WhiteElo "2421"]
[BlackElo "2724"]
[TimeControl "180+1"]
[EndTime "10:29:05 PDT"]
[Termination "x-0414717230 won by checkmate"]

1. e4 c5 2. Nf3 d6 3. d4 cxd4 4. Nxd4 Nf6 5. Nc3 a6 6. Be2 e5 7. Nb3 Be7 8. O-O O-O 9. Kh1 Be6 10. f4 exf4 11. Bxf4 Nc6 12. Qe1 Ne5 13. Rd1 Nfd7 14. Nd4 Rc8 15. Qg3 Kh8 16. Nd5 Bxd5 17. exd5 Bf6 18. c3 Qb6 19. Rd2 Nc5 20. Bf3 Nc4 21.
Re2 Nd3 22. Bg4 Nxf4 23. Rxf4 Rce8 24. Rxe8 Rxe8 25. Bd7 Qxb2 26. h4 Qc1+ 27. Kh2 Re1 28. Kh3 h5 29. Nf3 Rh1+ 30. Nh2 Be5 31. Rxc4 Bxg3 32.
Bf5 g6 33. Kxg3 gxf5 34. Rc8+ Kg7 35. Nf3 f4+ 36. Kf2 Qe3# 0-1

[Event "*** SCC Grand Prix: Titled Tuesday Blitz"]
[Site "Chess.com"]
[Date "2020.08.25"]
[Round "3"]
[White "CHESSMASTER759"]
[Black "tk22h"]
[Result "1-0"]
[WhiteElo "2517"]
[BlackElo "2298"]
[TimeControl "180+1"]
[EndTime "10:29:07 PDT"]
[Termination "CHESSMASTER759 won by resignation"]

1. e4 e5 2. Nf3 Nc6 3. Bb5 a6 4. Ba4 Nf6 5. O-O Be7 6. Re1 b5 7. Bb3 d6 8. c3 O-O 9. h3 Na5 10. Bc2 c5 11. d4 Qc7 12. Nbd2 cxd4 13. cxd4 Bd7 14. Nf1 Rac8 15. Ne3 Nc6 16. d5 Nb4 17. Bb1 a5 18. a3 Na6 19. Bd3 a4 20. Nf1 Nc5 21. Bc2 Qb8 22. Bg5 h6 23. Bd2 Rfe8 24.
Ng3 Bd8 25. Nh2 Bb6 26. Kh1 Nb3 27. Bxb3 axb3 28. Be3 Rc2 29. Rb1 Qa7 30. Kg1 Rec8 31. Qd3 Bxe3 32. Rxe3 Qc5 33. Qxb3 Qc4 34. Qxc4 R8xc4 35. Nhf1 Ne8 36. f3 Nc7 37. Ree1 Na6 38. Ne3 Nc5 39. Nxc2 Rxc2 40. Rec1 Rd2 41. b4 Na4 42. Rc7 Be8 43. Nf5 Nb2 44. Rc8 1-0

[Event "*** SCC Grand Prix: Titled Tuesday Blitz"]
[Site "Chess.com"]
[Date "2020.08.25"]
[Round "3"]
[White "Efremov_Vlad"]
[Black "dbrankovic68"]
[Result "0-1"]
[WhiteElo "2209"]
[BlackElo "2480"]
[TimeControl "180+1"]
[EndTime "10:29:08 PDT"]
[Termination "dbrankovic68 won on time"]

1. d4 Nf6 2. c4 g6 3. Nc3 Bg7 4. e4 d6 5. h3 O-O 6. Bg5 c6 7. Nf3 e5 8. dxe5 dxe5 9. Qxd8 Rxd8 10. Nxe5 Re8 11. f4 Na6 12. O-O-O Nc5 13. Bd3 h6 14. Bxf6 Bxf6 15. Ng4 Bxc3 16. bxc3 Bxg4 17. hxg4 Nxd3+ 18. Rxd3 Rxe4 19. Rxh6 Kg7 20. g5 Rh8 21. Rxh8 Kxh8 22. Rd7 Rxf4 23. Rxb7 Kg7 24. Rxa7 Rxc4 25. Kd2 Rc5 26. Rc7 Rxg5 27. Rxc6 Rxg2+ 28. Ke3 Rxa2 29. c4 f5 30. Kf3 Kh6 31. c5 Kg5 32. Rc8 Ra3+ 33. Kf2 Kf4 34. c6 g5 35. c7 Ra2+ 36. Ke1 Rc2 37. Kd1 Rc6 38. Ke1 g4 39. Kf2 Rc2+ 40.
Ke1 g3 41. Kd1 Rc6 42. Ke1 Rc5 43. Kf1 Kf3 44. Ke1 f4 45. Rg8 Rxc7 0-1

[Event "*** SCC Grand Prix: Titled Tuesday Blitz"]
[Site "Chess.com"]
[Date "2020.08.25"]
[Round "3"]
[White "GM_dmitrij"]
[Black "shnitez"]
[Result "1-0"]
[WhiteElo "2879"]
[BlackElo "2449"]
[TimeControl "180+1"]
[EndTime "10:29:11 PDT"]
[Termination "GM_dmitrij won on time"]

1. e4 c5 2. Nf3 e6 3. d4 cxd4 4. Nxd4 a6 5. c4 Nf6 6. Nc3 Qc7 7. Be2 b6 8. O-O Bb7 9. Qd3 Be7 10. f4 d6 11. f5 e5 12. Nc2 Nbd7 13. Bf3 Rc8 14. Ne3 O-O 15. g4 h6 16. h4 Nh7 17. Ncd5 Bxd5 18.
Nxd5 Qd8 19. Nxe7+ Qxe7 20. Kg2 Qxh4 21. g5 Nc5 22. Qe2 Nxg5 23. Rh1 Nxf3 24. Rxh4 Nxh4+ 25. Kh3 g5 26. Bd2 f6 27. Rg1 Kh7 28. Be1 Rg8 29. Qh5 Nxe4 30. Bxh4 gxh4 31. Rg6 Ng5+ 32. Kxh4 Rxg6 33.
Qxg6+ Kh8 34. Qxf6+ Kg8 35. Qg6+ 1-0

[Event "*** SCC Grand Prix: Titled Tuesday Blitz"]
[Site "Chess.com"]
[Date "2020.08.25"]
[Round "3"]
[White "barbara25"]
[Black "karinachess1"]
[Result "1-0"]
[WhiteElo "2279"]
[BlackElo "2487"]
[TimeControl "180+1"]
[EndTime "10:29:13 PDT"]
[Termination "barbara25 won on time"]

1. e4 c5 2. Nf3 e6 3. g3 Nc6 4.
Bg2 Qc7 5. O-O Nf6 6. Re1 d6 7. c3 Be7 8. d4 cxd4 9. cxd4 O-O 10. Nc3 a6 11. a3 Rd8 12. Bg5 h6 13. Be3 d5 14. e5 Ne4 15. Rc1 Nxc3 16. Rxc3 Bd7 17. Qd2 Bf8 18. g4 Be8 19. g5 h5 20. g6 fxg6 21. Ng5 Qe7 22. Bh3 Bf7 23. Nxf7 Qxf7 24.
Bg5 Re8 25. Ree3 Rac8 26. Rf3 Qd7 27. Qd3 Ne7 28. Bxe7 Rxc3 29. bxc3 Qxe7 30. Qxg6 h4 31. Bg4 b5 32. Bh5 Rc8 33. Rf7 Qxa3 34. Qxe6 Qc1+ 35.
Kg2 Qg5+ 36. Bg4 Rxc3 37. Rf5+ Kh7 38. Rxg5 1-0

[Event "*** SCC Grand Prix: Titled Tuesday Blitz"]
[Site "Chess.com"]
[Date "2020.08.25"]
[Round "3"]
[White "PattyCastillo"]
[Black "HanSchut"]
[Result "0-1"]
[WhiteElo "1906"]
[BlackElo "2250"]
[TimeControl "180+1"]
[EndTime "10:29:13 PDT"]
[Termination "HanSchut won by resignation"]

1. d4 Nf6 2. Nf3 g6 3. Nc3 d5 4. Bf4 Bg7 5. e3 O-O 6. Be2 c5 7. Ne5 cxd4 8. exd4 Nc6 9. O-O Be6 10. Nxc6 bxc6 11.
Na4 Nd7 12. Rc1 Rc8 13. c4 dxc4 14. Bxc4 Bxc4 15. Rxc4 Nb6 16. Nxb6 axb6 17. Be5 Qd5 18. Qc2 Bxe5 19. dxe5 Qxe5 20. Rxc6 Rxc6 21. Qxc6 Qxb2 22.
a4 e6 23. h4 Qb4 24. h5 Kg7 25. hxg6 hxg6 26. Rd1 Rh8 27. g3 Rh5 28. Qd7 Ra5 29.
Rd4 Qe1+ 30. Kg2 Rh5 31. Rd1 Qe4+ 0-1

[Event "*** SCC Grand Prix: Titled Tuesday Blitz"]
[Site "Chess.com"]
[Date "2020.08.25"]
[Round "3"]
[White "mirceaparligras"]
[Black "Alexander_Zubov"]
[Result "0-1"]
[WhiteElo "2669"]
[BlackElo "2948"]
[TimeControl "180+1"]
[EndTime "10:29:14 PDT"]
[Termination "Alexander_Zubov won by resignation"]

1. e3 Nf6 2. d4 g6 3. Nf3 Bg7 4. c4 O-O 5. Be2 c5 6. d5 b5 7. cxb5 a6 8. bxa6 Bxa6 9. Nc3 Qa5 10. O-O d6 11. Bd2 Nbd7 12. h3 Rfb8 13. Bxa6 Qxa6 14. Qc2 Nb6 15. e4 Nc4 16. Rab1 Nxd2 17. Nxd2 Nd7 18.
Rfe1 Ne5 19. Red1 Qd3 20. Qxd3 Nxd3 21. Nc4 Nxb2 22. Nxb2 Bxc3 23. Nc4 Rxb1 24. Rxb1 Rxa2 25. Rb7 Kf8 26. Rb8+ Kg7 27. Rb7 Kf6 28. f4 Bd4+ 29. Kh2 Re2 30. e5+ dxe5 31. d6 exd6 32. Nxd6 exf4 33.
Nxf7 f3 34. Nh6 fxg2 35. Rf7+ Kg5 0-1

[Event "*** SCC Grand Prix: Titled Tuesday Blitz"]
[Site "Chess.com"]
[Date "2020.08.25"]
[Round "3"]
[White "Anton_Zhukov04"]
[Black "MF1966Idrisov"]
[Result "1-0"]
[WhiteElo "2238"]
[BlackElo "2363"]
[TimeControl "180+1"]
[EndTime "10:29:14 PDT"]
[Termination "Anton_Zhukov04 won by resignation"]

1. d4 d5 2. c4 e6 3. Nf3 c6 4.
Nbd2 f5 5. g3 Nf6 6. Bg2 Bd6 7.
O-O Nbd7 8. b3 Ne4 9. Bb2 O-O 10.
Ne1 Bb4 11. Ndf3 b6 12. Nd3 Bd6 13. Nfe5 Nxe5 14. Nxe5 Bxe5 15. dxe5 dxc4 16. Bxe4 fxe4 17. bxc4 Qxd1 18. Rfxd1 Ba6 19. Rd4 e3 20. fxe3 c5 21. Rf4 Rad8 22. Bc3 Rxf4 23. exf4 Bxc4 24. Kf2 g6 25.
Ke1 Rd5 26. a3 Kf7 27. Rd1 Ke7 28. Rxd5 exd5 29. e3 Bd3 30. Kd2 Bf5 31. Ke2 a5 32.
Kf3 h5 33. Kg2 Be4+ 34. Kh3 Kd7 35. Kh4 Bf5 36. h3 Kc6 37. g4 hxg4 38. hxg4 Bd7 39.
Kg5 Kb5 40. f5 gxf5 41. gxf5 Kc4 42. e6 Bc8 43. Be1 Kd3 44. e7 Bd7 45. f6 Be8 46.
Kh6 Ke4 47. Kg7 Ke5 48. f7 1-0

[Event "*** SCC Grand Prix: Titled Tuesday Blitz"]
[Site "Chess.com"]
[Date "2020.08.25"]
[Round "3"]
[White "Ali_rastbod"]
[Black "ViktoriyaTarasova"]
[Result "1-0"]
[WhiteElo "2669"]
[BlackElo "2226"]
[TimeControl "180+1"]
[EndTime "10:29:14 PDT"]
[Termination "Ali_rastbod won by resignation"]

1. c4 c5 2. Nf3 Nc6 3. b3 e5 4. Bb2 d6 5. g3 g6 6. Bg2 Bg7 7. O-O Nge7 8. Nc3 O-O 9. d3 h6 10. a3 Be6 11. Nd2 d5 12. cxd5 Nxd5 13. Rc1 b6 14. b4 cxb4 15. Nxd5 Bxd5 16. e4 Be6 17. Rxc6 Qxd3 18. Nf3 Qxd1 19. Rxd1 bxa3 20. Bxa3 Rfd8 21. Rdc1 Rac8 22. Bf1 Rxc6 23. Rxc6 Rd1 24. Kg2 Ra1 25. Bd6 Ra5 26. Rc7 g5 27. h3 Bf6 28. Bc4 Bxc4 29. Rxc4 Kg7 30. g4 Rb5 31. Rc7 a5 32. Ra7 Kg6 33. Ra6 Kg7 34. Bc7 Rb4 35. Bxb6 Rxe4 36.
Rxa5 Re2 37. Be3 e4 38. Nd4 Bxd4 39. Bxd4+ Kf8 40. Bf6 Ke8 41. Ra7 1-0

[Event "*** SCC Grand Prix: Titled Tuesday Blitz"]
[Site "Chess.com"]
[Date "2020.08.25"]
[Round "3"]
[White "Srisshhhtea"]
[Black "Euge_chess"]
[Result "1-0"]
[WhiteElo "2299"]
[BlackElo "2058"]
[TimeControl "180+1"]
[EndTime "10:29:15 PDT"]
[Termination "Srisshhhtea won on time"]

1. d4 e6 2. Nf3 Nf6 3. g3 c5 4. Bg2 Nc6 5. O-O d5 6. c4 dxc4 7. dxc5 Qxd1 8. Rxd1 Bxc5 9. Nbd2 Ng4 10. e3 Nge5 11. Ne4 Bb6 12. Nd6+ Ke7 13. Nxe5 Nxe5 14. Nxb7 Rb8 15. Nd6 Ba6 16. b3 Rhd8 17. Ba3 Kf6 18.
Ne4+ Kg6 19. Bd6 Nd3 20. Bxb8 Rxb8 21. bxc4 Bxc4 22. Nd6 Ba6 23. Be4+ f5 24. Bxd3 Bxd3 25. Rxd3 Rd8 26. Rad1 Bc5 27. Nb7 1-0

[Event "*** SCC Grand Prix: Titled Tuesday Blitz"]
[Site "Chess.com"]
[Date "2020.08.25"]
[Round "3"]
[White "Legendinunknown"]
[Black "hansen"]
[Result "0-1"]
[WhiteElo "2666"]
[BlackElo "2939"]
[TimeControl "180+1"]
[EndTime "10:29:18 PDT"]
[Termination "hansen won on time"]

1. d4 Nf6 2. c4 e6 3. Nc3 Bb4 4. f3 O-O 5. e4 c5 6. d5 b5 7. e5 Ne8 8. f4 exd5 9. cxd5 a6 10. Nf3 d6 11. a4 bxa4 12. Bc4 Nd7 13. O-O Nb6 14. Ba2 Nc7 15. Ne4 c4 16. Nfg5 h6 17. Qh5 Bf5 18. exd6 Ncxd5 19. Nxf7 Rxf7 20. Ng3 Bd3 21. Rf3 Qxd6 22. f5 Re8 23. h3 Be1 24. Kh2 Nd7 25.
Qh4 Re4 26. Qh5 N7f6 27. Qg6 Ne7 0-1

[Event "*** SCC Grand Prix: Titled Tuesday Blitz"]
[Site "Chess.com"]
[Date "2020.08.25"]
[Round "3"]
[White "The_Machine04"]
[Black "salimalamri2020"]
[Result "1-0"]
[WhiteElo "2289"]
[BlackElo "2024"]
[TimeControl "180+1"]
[EndTime "10:29:18 PDT"]
[Termination "The_Machine04 won by resignation"]

1. d4 e6 2. Nf3 Nf6 3. Nbd2 b6 4. e4 Bb7 5. Bd3 d5 6. Qe2 dxe4 7. Nxe4 Nbd7 8. c3 Be7 9. O-O O-O 10. Rd1 Nxe4 11. Bxe4 Bxe4 12. Qxe4 Nf6 13. Qc6 Qd6 14. Ne5 Qxc6 15.
Nxc6 Bd6 16. Bg5 Ne4 17. Be7 Rfe8 18. Bh4 g5 19. Bg3 Nxg3 20. hxg3 f6 21. Kf1 Kf7 22. g4 Rh8 23. Ke2 h5 24. gxh5 Rxh5 25. Rh1 Rah8 26.
Rxh5 Rxh5 27. Nxa7 Rh2 28. Kf3 f5 29. g3 g4+ 30. Ke3 Rh3 31. Ke2 Rh2 32. Rg1 c5 33. Nb5 Be7 34. a4 cxd4 35. Nxd4 Kf6 36. b4 e5 37. Nc6 Bd6 38. a5 bxa5 39. bxa5 e4 40. a6 Rh8 41. a7 Bc5 42. Ra1 Ra8 43. Ra5 Bb6 44. Ra6 Bc5 45. Ra5 Bb6 46. Rb5 Bc7 47.
Rb7 1-0

[Event "*** SCC Grand Prix: Titled Tuesday Blitz"]
[Site "Chess.com"]
[Date "2020.08.25"]
[Round "3"]
[White "topotun"]
[Black "maximnovik"]
[Result "1-0"]
[WhiteElo "2727"]
[BlackElo "2469"]
[TimeControl "180+1"]
[EndTime "10:29:19 PDT"]
[Termination "topotun won by resignation"]

1. e4 c6 2. d4 d5 3. Nd2 dxe4 4.
Nxe4 Bf5 5. Ng3 Bg6 6. h4 h6 7. Nf3 e6 8. h5 Bh7 9. Bd3 Bxd3 10. Qxd3 Nf6 11. Bd2 c5 12. Ne4 Nbd7 13. O-O-O Be7 14. Kb1 Qc7 15. Nxf6+ Nxf6 16. Qb5+ Qd7 17. Qxd7+ Nxd7 18. d5 exd5 19. Rhe1 Kf8 20. Bc1 Nf6 21. Nh4 Re8 22. Nf5 d4 23. Bf4 Nxh5 24. Bh2 Nf6 25. Nxe7 Rxe7 26.
Bd6 Nd5 27. Bxc5 b6 28. Ba3 1-0

[Event "*** SCC Grand Prix: Titled Tuesday Blitz"]
[Site "Chess.com"]
[Date "2020.08.25"]
[Round "3"]
[White "GukeshDommaraju"]
[Black "Alembong"]
[Result "1-0"]
[WhiteElo "2715"]
[BlackElo "2462"]
[TimeControl "180+1"]
[EndTime "10:29:20 PDT"]
[Termination "GukeshDommaraju won by resignation"]

1. e4 e5 2. Nf3 Nf6 3. Nxe5 d6 4. Nf3 Nxe4 5. Nc3 Nf6 6. d4 Be7 7. d5 O-O 8. Bd3 b6 9. O-O Bb7 10. Re1 a6 11. Nd4 Re8 12. Bg5 Nbd7 13. Bf5 b5 14. Nc6 Bxc6 15. dxc6 Ne5 16. Bxf6 Bxf6 17. Nd5 g6 18.
Bd7 Rf8 19. f4 Nxd7 20. cxd7 Bg7 21. Qg4 f5 22. Qf3 Ra7 23. Ne7+ 1-0

[Event "*** SCC Grand Prix: Titled Tuesday Blitz"]
[Site "Chess.com"]
[Date "2020.08.25"]
[Round "3"]
[White "beto-betun"]
[Black "Djager97"]
[Result "0-1"]
[WhiteElo "2104"]
[BlackElo "2457"]
[TimeControl "180+1"]
[EndTime "10:29:20 PDT"]
[Termination "Djager97 won on time"]

1. d4 Nf6 2. c4 c5 3. d5 d6 4. Nc3 g6 5. e4 Bg7 6. Nf3 O-O 7. Bd3 e6 8. O-O exd5 9. exd5 Bg4 10. h3 Bxf3 11. Qxf3 Nbd7 12. Bf4 Ne5 13. Bxe5 dxe5 14. Rfe1 Ne8 15. Ne4 b6 16. Qg3 Nd6 17. Rad1 Nxe4 18. Bxe4 f5 19. Bc2 Qd6 20. b3 Kh8 21. Re2 a6 22. Rde1 b5 23. Rxe5 Bxe5 24. Qxe5+ Qxe5 25. Rxe5 Rfe8 26. f4 Kg7 27. cxb5 axb5 28. Bd3 b4 29.
Bc4 Kf6 30. Re6+ Rxe6 31. dxe6 Rxa2 32. Kh2 Rc2 33. Bd5 c4 34. bxc4 b3 35. c5 b2 0-1

[Event "*** SCC Grand Prix: Titled Tuesday Blitz"]
[Site "Chess.com"]
[Date "2020.08.25"]
[Round "3"]
[White "wonderfultime"]
[Black "Kira170"]
[Result "1/2-1/2"]
[WhiteElo "2886"]
[BlackElo "2642"]
[TimeControl "180+1"]
[EndTime "10:29:21 PDT"]
[Termination "Game drawn by agreement"]

1. d4 e6 2. Nf3 Nf6 3. Bf4 d5 4. e3 c5 5. c3 Nc6 6. Nbd2 cxd4 7. exd4 Nh5 8. Bg3 Bd7 9. Bd3 Rc8 10. Qe2 Qb6 11. Rb1 Be7 12. Ne5 Nxg3 13. hxg3 Nxe5 14. Qxe5 Bf6 15. Qe3 h6 16. Nf3 Bb5 17. g4 Qa6 18. Bxb5+ Qxb5 19. g5 Be7 20. g6 Bf6 21. gxf7+ Kxf7 22.
Qe2 Qxe2+ 23. Kxe2 Rc6 24. Kd3 Rhc8 25. Rhe1 b5 26. a3 a5 27. Ra1 R8c7 28. Re2 Rb6 29. b4 Ra7 30. Rea2 Rba6 31. Rb1 axb4 32. Rxb4 Rxa3 33. Rxa3 Rxa3 34. Rxb5 Ra2 35. Rb7+ Kg6 36. Ke3 Bg5+ 37. Nxg5 hxg5 38. g4 Kf6 39. Rc7 Rc2 40.
f4 gxf4+ 41. Kxf4 g5+ 42. Kf3 Ra2 1/2-1/2

[Event "*** SCC Grand Prix: Titled Tuesday Blitz"]
[Site "Chess.com"]
[Date "2020.08.25"]
[Round "3"]
[White "Supernotar"]
[Black "MuradNuri"]
[Result "1-0"]
[WhiteElo "2719"]
[BlackElo "2464"]
[TimeControl "180+1"]
[EndTime "10:29:21 PDT"]
[Termination "Supernotar won by resignation"]

1. d4 d5 2. c4 e6 3. Nf3 a6 4. e3 Nf6 5. Nbd2 c5 6. dxc5 Bxc5 7. a3 Nc6 8. b4 Bd6 9. Bb2 O-O 10. Be2 Re8 11.
O-O Bc7 12. Rc1 Ne4 13. Qc2 Nxd2 14. Qxd2 dxc4 15. Bxc4 Qe7 16. Rfd1 e5 17. Bd5 Bg4 18. Qc3 Rac8 19. h3 Bh5 20. g4 Bg6 21. Qc5 Qf6 22.
Kg2 Bb8 23. Qb6 Re7 24. Bxc6 bxc6 25. Rxc6 Qxf3+ 26. Kxf3 1-0

[Event "*** SCC Grand Prix: Titled Tuesday Blitz"]
[Site "Chess.com"]
[Date "2020.08.25"]
[Round "3"]
[White "Lenyas66"]
[Black "Morshynska"]
[Result "1/2-1/2"]
[WhiteElo "2465"]
[BlackElo "2194"]
[TimeControl "180+1"]
[EndTime "10:29:21 PDT"]
[Termination "Game drawn by repetition"]

1. e4 c5 2. Nf3 a6 3. c3 g6 4. d4 cxd4 5. cxd4 Bg7 6. Nc3 b5 7. a4 b4 8. Nd5 Nc6 9. Bf4 d6 10. a5 Nf6 11. Nb6 Rb8 12. d5 Nh5 13. Bd2 Ne5 14.
Nxe5 Bxe5 15. Qa4+ Bd7 16. Qxb4 O-O 17. Bxa6 e6 18. O-O Qh4 19. g3 Nxg3 20. fxg3 Bxg3 21.
hxg3 Qxg3+ 22. Kh1 Qh3+ 23. Kg1 Qg3+ 24. Kh1 Qh3+ 25.
Kg1 Qg3+ 1/2-1/2

[Event "*** SCC Grand Prix: Titled Tuesday Blitz"]
[Site "Chess.com"]
[Date "2020.08.25"]
[Round "3"]
[White "j2806"]
[Black "GodDMuhammad"]
[Result "0-1"]
[WhiteElo "2039"]
[BlackElo "2291"]
[TimeControl "180+1"]
[EndTime "10:29:21 PDT"]
[Termination "GodDMuhammad won by checkmate"]

1. e4 e5 2. Nf3 f5 3. d3 Nc6 4.
Nc3 Bb4 5. Bd2 Nf6 6. Qe2 O-O 7.
O-O-O d6 8. exf5 Bxf5 9. h3 a5 10. g4 Be6 11. Kb1 Nd5 12. Ne4 Bxd2 13. Nfxd2 Nd4 14. Qe1 Nb4 15. Nc3 Nbxc2 16. Qe4 b5 17. Bg2 c6 18. Rc1 b4 19. Nd1 Bd5 20. Qxd5+ cxd5 21. Bxd5+ Kh8 22. Bxa8 Qxa8 23. Rf1 Qd5 24. Rxc2 Nxc2 25. Kxc2 Rc8+ 26. Kb1 Qxd3+ 27. Ka1 Qxd2 28. Ne3 Rc1+ 29. Rxc1 Qxc1# 0-1

[Event "*** SCC Grand Prix: Titled Tuesday Blitz"]
[Site "Chess.com"]
[Date "2020.08.25"]
[Round "3"]
[White "Kobalia"]
[Black "lucasmito"]
[Result "1-0"]
[WhiteElo "2772"]
[BlackElo "2524"]
[TimeControl "180+1"]
[EndTime "10:29:22 PDT"]
[Termination "Kobalia won by checkmate"]

1. e4 e5 2. Nf3 Nc6 3. Bb5 f5 4.
Nc3 fxe4 5. Nxe4 d5 6. Nxe5 dxe4 7. Nxc6 Qd5 8. c4 Qd6 9. Nxa7+ Bd7 10. Bxd7+ Qxd7 11. Nb5 Nf6 12. O-O Bc5 13. d4 exd3 14. Re1+ Kf7 15.
Be3 Bxe3 16. Rxe3 Rad8 17. Qd2 c6 18. Nc3 Rhe8 19. Rae1 Rxe3 20. Rxe3 Qd4 21. h3 Qxc4 22. a3 Qd4 23. Rf3 Kg8 24. Re3 c5 25. Re7 b6 26.
Qg5 Ne8 27. Qh5 Nd6 28. Nb5 Qf6 29. Qd5+ Nf7 30. Re6 Rxd5 31. Re8# 1-0

[Event "*** SCC Grand Prix: Titled Tuesday Blitz"]
[Site "Chess.com"]
[Date "2020.08.25"]
[Round "3"]
[White "Gvetadze"]
[Black "vinniethepooh"]
[Result "0-1"]
[WhiteElo "2404"]
[BlackElo "2668"]
[TimeControl "180+1"]
[EndTime "10:29:22 PDT"]
[Termination "vinniethepooh won by resignation"]

1. Nf3 Nf6 2. g3 d6 3. Bg2 g6 4. O-O Bg7 5. d3 O-O 6. e4 Nc6 7. Nc3 e5 8. h3 h6 9. Be3 Be6 10. Qd2 Qd7 11. Kh2 Kh7 12. d4 exd4 13. Nxd4 Rfe8 14.
Nxe6 fxe6 15. f4 Rad8 16. Rad1 e5 17. f5 g5 18. Nd5 Rf8 19. Bf3 Ne7 20. Nxf6+ Bxf6 21. Bh5 Qc6 22. Qd3 d5 23. Bg6+ Kg7 24. exd5 Nxd5 25.
Bc1 Nf4 26. gxf4 Rxd3 27. Rxd3 e4 28. Re3 Qxc2+ 29. Kh1 gxf4 30. Rb3 f3 31. Rg1 Be5 32. f6+ Kxf6 33. Rxf3+ Ke7 34. Rfg3 Bxg3 35. Rxg3 Rf1+ 36.
Rg1 Rxg1+ 37. Kxg1 Qxc1+ 38. Kg2 Qg5+ 39. Kf2 Qxg6 0-1

[Event "*** SCC Grand Prix: Titled Tuesday Blitz"]
[Site "Chess.com"]
[Date "2020.08.25"]
[Round "3"]
[White "Mikasinski"]
[Black "tvjosue"]
[Result "0-1"]
[WhiteElo "2347"]
[BlackElo "2548"]
[TimeControl "180+1"]
[EndTime "10:29:22 PDT"]
[Termination "tvjosue won by resignation"]

1. e4 c5 2. Nf3 d6 3. d4 cxd4 4.
Nxd4 Nf6 5. Nc3 a6 6. Be2 e5 7.
Nf3 h6 8. Nd2 b5 9. a4 b4 10.
Nd5 Nxd5 11. exd5 Bb7 12. O-O Bxd5 13. Bf3 Bxf3 14. Qxf3 Nd7 15. Rd1 Rc8 16. Ne4 Rxc2 17. Rxd6 Qc7 18. Rd1 Be7 19. Qb3 O-O 20. Rxd7 Rxc1+ 21. Rxc1 Qxd7 22. Rd1 Qc6 23. f3 Kh8 24. h3 f5 25. Nf2 Bc5 26. Qc2 e4 27. Kf1 exf3 28. g3 Qb6 29. Nd3 Bd4 30. Nf4 Re8 31. Qxf5 Bxb2 32.
Ng6+ Kg8 33. Qd5+ Qe6 34. Qd3 Qe2+ 0-1